Map: Blackpink LE

Players

Classic

  • Race: Protoss Protoss
  • Spawn Location: 1:00

Serral - Winner!

  • Race: Zerg Zerg
  • Spawn Location: 7:00

Event: WESG 2017 Haikou

VOD

Have the link to the VOD?

Description

Time

  • Played on: March 17, 2018, 6:19 a.m.
  • Length: 11:30

All games in this series

Show
View Real Time Build Order
Export as new Build Order

Classic Protoss 

Build Orders: 1 Gate Expand, Oracle Opening, Phoenix Opening, Archon Immortal, Zealot Archon, Archon Drop 

Get SALT Encoding   

  12  0:00  Probe  
  13  0:12  Probe  
  14  0:18  Pylon  
  14  0:24  Probe (Chrono Boost)  
  15  0:36  Probe (Chrono Boost)  
  15  0:39  Gateway  
  16  0:45  Probe (Chrono Boost)  
  16  0:47  Assimilator  
  17  0:51  Probe  
  18  1:03  Probe  
  19  1:15  Probe  
  20  1:25  Nexus  
  20  1:27  Probe  
  21  1:37  Cybernetics Core  
  21  1:40  Probe  
  21  1:46  Assimilator  
  22  1:51  Pylon  
  22  1:54  Probe  
  23  2:10  Probe  
  23  2:12  Adept (Chrono Boost)  
  26  2:17  Stargate  
  26  2:22  Probe  
  27  2:26  Warp Gate  
  27  2:30  Adept  
  27  2:34  Probe (Chrono Boost)  
  30  2:37  Probe (Chrono Boost)  
  32  2:45  Probe (Chrono Boost)  
  32  2:46  Probe (Chrono Boost)  
  32  2:50  Probe (Chrono Boost)  
  33  2:51  Probe (Chrono Boost)  
  33  2:57  Oracle (Chrono Boost)  
  35  3:02  Probe  
  35  3:03  Probe  
  40  3:09  Pylon  
  40  3:14  Probe  
  40  3:15  Probe  
  40  3:16  Assimilator  
  40  3:18  Assimilator  
  42  3:26  Probe  
  43  3:27  Phoenix  
  43  3:28  Probe  
  43  3:30  Gateway  
  46  3:38  Probe  
  46  3:40  Probe  
  48  3:43  Robotics Facility  
  48  3:50  Probe  
  48  3:51  Twilight Council  
  48  3:52  Probe  
  50  3:57  Pylon  
  50  4:03  Probe  
  50  4:04  Probe  
  52  4:12  Gateway  
  52  4:13  Gateway  
  52  4:19  Pylon  
  52  4:27  Probe x2  
  52  4:30  Warp Prism (Chrono Boost)  
  54  4:31  Zealot  
  54  4:32  Zealot  
  60  4:38  Templar Archives  
  60  4:41  Charge (Chrono Boost)  
  60  4:50  Pylon  
  60  5:04  Nexus  
  60  5:11  Probe x2  
  62  5:15  High Templar x2  
  62  5:16  High Templar x2  
  62  5:19  Archon  
  62  5:20  Archon  
  62  5:21  Observer  
  71  5:22  Pylon  
  71  5:23  Probe x2  
  73  5:31  Forge  
  73  5:32  Gateway  
  73  5:37  Gateway  
  71  5:43  Immortal  
  71  5:48  Zealot x3  
  78  5:52  Adept  
  79  5:57  Probe x2  
  81  6:09  Psionic Storm, Protoss Ground Weapons Level 1, Probe x2  
  80  6:20  Zealot x2  
  80  6:21  Probe x2 (Chrono Boost)  
  80  6:24  Probe (Chrono Boost)  
  87  6:33  Probe (Chrono Boost)  
  87  6:34  Probe (Chrono Boost), Assimilator  
  87  6:36  Probe (Chrono Boost), Assimilator  
  90  6:42  Probe x2 (Chrono Boost)  
  90  6:43  Probe (Chrono Boost)  
  90  6:46  High Templar x2  
  97  6:48  Probe x2, Pylon  
  97  6:50  Pylon  
  97  6:52  Probe  
  100  7:00  Probe  
  100  7:05  Probe  
  100  7:06  Probe  
  102  7:09  High Templar  
  102  7:10  High Templar  
  102  7:12  Probe  
  102  7:14  Immortal (Chrono Boost)  
  107  7:22  Pylon  
  111  7:24  Probe x3  
  111  7:25  Gateway  
  111  7:26  Gateway  
  114  7:46  Immortal  
  114  7:48  Photon Cannon  
  114  7:49  Pylon  
  118  7:51  Pylon  
  118  7:52  Gateway  
  118  7:53  Probe x3  
  118  7:56  Gateway  
  121  7:59  High Templar  
  121  8:00  High Templar  
  125  8:09  Photon Cannon  
  125  8:12  Pylon  
  125  8:14  Archon  
  125  8:19  Photon Cannon  
  125  8:21  Zealot x2, High Templar x2  
  125  8:22  Nexus  
  125  8:25  Archon  
  125  8:26  Pylon  
  133  8:29  Pylon  
  133  8:32  Pylon  
  133  8:46  Observer  
  133  8:47  High Templar x2  
  135  8:52  Photon Cannon  
  135  8:53  Archon  
  135  8:54  Photon Cannon, Probe x3  
  138  8:57  Zealot  
  138  8:58  Zealot, Assimilator  
  138  9:01  Assimilator  
  142  9:03  High Templar x2  
  142  9:04  Zealot x4  
  142  9:07  Pylon  
  142  9:09  Archon  
  154  9:10  Immortal (Chrono Boost)  
  156  9:20  Photon Cannon  
  156  9:22  Photon Cannon  
  154  9:29  Robotics Facility  
  154  9:30  High Templar  
  154  9:31  Photon Cannon  
  156  9:37  Photon Cannon x2  
  151  9:46  Zealot x4  
  158  9:56  Zealot x2  
  159  10:01  Zealot  
  159  10:04  Zealot  
  159  10:13  Zealot x2  
  135  10:15  Zealot x2  
  135  10:19  Immortal (Chrono Boost)  
  99  10:26  Zealot x2, Immortal (Chrono Boost)  
  99  10:27  Zealot x4  
  103  10:35  Probe x4  
  103  10:47  Twilight Council  
  103  10:48  Stalker x5  
  103  10:49  Stalker x3  
  121  11:08  Archon  
  108  11:13  Zealot  
  108  11:14  Zealot x5  
  104  11:20  Zealot x2  
Show
View Real Time Build Order
Export as new Build Order

Serral Zerg - Winner!

Build Orders: Hatch First, Lurkers, Roach Hydra 

Get SALT Encoding   

  12  0:00  Drone  
  13  0:12  Overlord  
  13  0:17  Drone  
  14  0:31  Drone x2  
  14  0:34  Drone  
  17  0:50  Hatchery  
  17  0:54  Drone  
  17  0:57  Drone  
  18  1:07  Extractor  
  17  1:12  Spawning Pool  
  17  1:14  Drone  
  17  1:18  Drone  
  18  1:28  Drone  
  19  1:38  Overlord  
  19  1:49  Drone  
  20  1:59  Queen  
  20  2:00  Zergling x2  
  23  2:02  Queen  
  23  2:03  Zergling x2  
  26  2:08  Metabolic Boost  
  26  2:11  Drone  
  26  2:13  Drone  
  28  2:22  Drone  
  29  2:24  Drone  
  30  2:32  Drone  
  30  2:35  Drone  
  32  2:41  Hatchery  
  31  2:45  Queen  
  31  2:50  Overlord  
  33  2:54  Drone  
  33  2:55  Drone  
  35  3:08  Drone  
  35  3:09  Drone x5  
  41  3:18  Drone x2  
  43  3:23  Spore Crawler  
  43  3:24  Queen  
  44  3:28  Overlord  
  44  3:37  Overlord  
  44  3:45  Lair  
  44  3:47  Drone x4  
  48  3:49  Drone  
  48  3:51  Drone  
  48  3:54  Queen  
  48  3:55  Overlord  
  52  3:56  Drone  
  52  3:58  Drone  
  52  3:59  Drone  
  55  4:03  Drone  
  55  4:04  Spore Crawler  
  55  4:07  Drone  
  56  4:11  Extractor x2  
  56  4:13  Drone x3  
  56  4:15  Drone x2  
  59  4:19  Spore Crawler  
  59  4:22  Overlord  
  59  4:23  Drone  
  60  4:29  Drone x3  
  63  4:34  Spore Crawler  
  63  4:35  Overlord  
  63  4:36  Drone x3  
  65  4:44  Hydralisk Den  
  64  4:45  Drone  
  64  4:46  Drone  
  64  4:49  Overlord  
  64  4:51  Zergling x8  
  64  4:52  Extractor  
  68  5:06  Drone x3  
  70  5:08  Overlord  
  70  5:12  Hydralisk x5  
  80  5:15  Muscular Augments  
  80  5:19  Overlord x2  
  80  5:24  Hydralisk  
  80  5:25  Evolution Chamber  
  80  5:26  Hydralisk  
  83  5:39  Hydralisk x3  
  83  5:41  Drone x3  
  93  5:44  Extractor  
  93  5:45  Zergling x6  
  94  5:50  Zergling x8  
  94  5:53  Zerg Missile Weapons Level 1  
  98  6:01  Drone  
  95  6:06  Drone  
  95  6:07  Drone x6  
  99  6:12  Hydralisk x2  
  99  6:16  Overlord  
  102  6:20  Overlord  
  102  6:22  Hydralisk  
  104  6:31  Drone  
  105  6:34  Overlord x2  
  105  6:35  Grooved Spines  
  105  6:36  Hydralisk x4  
  113  6:41  Drone  
  113  6:43  Roach Warren  
  113  6:44  Drone  
  113  6:45  Hydralisk  
  116  6:59  Hydralisk x3  
  120  7:05  Overseer  
  120  7:08  Drone x4  
  123  7:09  Pneumatized Carapace  
  123  7:11  Extractor  
  123  7:12  Drone, Lurker Den  
  123  7:15  Drone x4  
  123  7:17  Hatchery  
  121  7:32  Glial Reconstitution  
  121  7:33  Drone  
  121  7:34  Drone  
  123  7:37  Overlord  
  123  7:40  Drone x3  
  124  7:45  Drone x2, Overlord, Extractor  
  124  7:46  Extractor, Overlord x3  
  124  7:55  Drone  
  126  7:58  Drone x3  
  126  7:59  Drone, Roach x6  
  126  8:04  Roach  
  143  8:08  Roach  
  145  8:13  Roach x4  
  145  8:14  Zerg Missile Weapons Level 2  
  145  8:19  Overlord  
  153  8:20  Overseer  
  153  8:21  Overlord  
  153  8:24  Roach  
  154  8:28  Drone x2  
  154  8:29  Zergling x2  
  169  8:34  Roach x6  
  167  8:42  Roach  
  167  8:43  Roach x4  
  177  8:48  Queen  
  177  8:51  Lurker x6  
  185  9:03  Roach  
  185  9:04  Roach x6  
  185  9:08  Overlord  
  199  9:10  Overlord  
  199  9:23  Overlord  
  199  9:26  Infestation Pit  
  199  9:28  Overlord  
  199  9:30  Lurker  
  199  9:31  Lurker  
  194  9:41  Hatchery  
  194  9:45  Hydralisk x3  
  182  9:46  Roach x6  
  196  9:54  Spore Crawler x2  
  196  9:55  Hydralisk x2  
  196  9:56  Roach  
  196  10:14  Hydralisk x13  
  160  10:15  Roach x2  
  160  10:18  Roach  
  160  10:19  Hatchery, Roach  
  160  10:20  Hydralisk  
  167  10:23  Hydralisk x2  
  165  10:36  Hydralisk x4  
  169  10:47  Drone x3  
  170  10:52  Hydralisk x2  
  170  10:53  Hydralisk, Roach  
  170  10:54  Roach x2  
  170  11:10  Roach x4  
Tags
 
Add a new tag
Caveats
  • Supply blocks, unpowered buildings, or Contaminate may cause inaccurate times.
  • Supply counts are checked every 10 seconds.